cohdb
Replays
Latest Replays
All Replays
Popular Replays
Top Player Replays
Match Explorer
How It Works
Community
CoH3 Stats
Reddit
Sign in to upload your games and track your stats! →
Sign in with Steam
Match 39520459
Unlisted
Match 39520459
Overview
Messages
Build Orders
End
Royal Engineer Section
Construct Section Command Post
Selects Canadian Shock Battlegroup
Vickers Machine Gun Team
Infantry Section
Grenade Package
Selects Attacking Spirit
Selects Canadian Shock Section
Canadian Shock Section
Construct Platoon Command Post
Unlock M3 Stuart Light Tanks
M3 Stuart Light Tank
Selects Burnout
Canadian Shock Section
6-pounder Anti-tank Gun Team
Burnout
Selects Pyrotechnics
Construct Company Command Post
Royal Engineer Section
Royal Engineer Section
Selects Demolition Engineering
Canadian Shock Section
Horny Zhaba
Koutouzov
matjouz
Sarmynation
0
0
Comments
sign in to comment!
No comments posted yet!